 Dungeon Crawl Stone Soup version 0.28-a0-793-g31680bbd8b (webtiles) character file.

Game seed: 10494370913106460404

253 ytrimaz the Cutter (level 5, 0/41 HPs)
             Began as a Demonspawn Fighter on Nov 4, 2021.
             Slain by Terence (8 damage)
             ... on level 3 of the Dungeon.
             The game lasted 00:02:01 (2668 turns).

ytrimaz the Cutter (Demonspawn Fighter)             Turns: 2668, Time: 00:02:02

Health: 0/41       AC:  8    Str: 18    XL:     5   Next: 90%
Magic:  5/5        EV: 10    Int:  9    God:
Gold:   98         SH:  9    Dex: 12    Spells: 4/4 levels left

rFire   . . .      SeeInvis .   a - +0 rapier
rCold   . . .      Faith    .   c - +0 buckler
rNeg    . . .      Spirit   .   b - +0 scale mail
rPois   .          Reflect  +   (no helmet)
rElec   .          Harm     .   (no cloak)
rCorr   .          Rampage  .   (no gloves)
Will    .....                   (no boots)
Stlth   ..........              k - amulet of reflection
HPRegen 0.13/turn               (no ring)
MPRegen 0.09/turn               (no ring)

@: no status effects
A: yellow scales 1, spiny 1, demonic touch 1
a: no special abilities


You were on level 3 of the Dungeon.
You visited 1 branch of the dungeon, and saw 3 of its levels.

You collected 98 gold pieces.

Inventory:

Hand Weapons
 a - a +0 rapier (weapon)
 l - a +1 short sword of protection
Armour
 b - a +0 scale mail (worn)
 c - a +0 buckler (worn)
Jewellery
 k - an amulet of reflection (around neck)
Scrolls
 h - 2 scrolls of enchant armour
 i - a scroll of amnesia
 j - a scroll of teleportation {unknown}
 m - a scroll of enchant weapon {unknown}
Potions
 d - 3 potions of might
 e - 2 potions of curing {unknown}
 f - 2 potions of flight {unknown}
 g - a potion of lignification {unknown}


   Skills:
 + Level 3.6 Fighting
 * Level 3.7 Short Blades
 + Level 3.6 Armour
 * Level 1.8 Dodging
 + Level 3.2 Shields


You had 4 spell levels left.
You didn't know any spells.
Your spell library was empty.

Dungeon Overview and Level Annotations

Branches:
Dungeon (3/15)

Altars:

Shops:
D:3 [

Annotations:
D:3 Terence


Innate Abilities, Weirdness & Mutations

You are partially covered in yellow scales. (AC +2)
You are partially covered in sharp spines.
Your touch may inflict minor irresistible damage on your foes.


Message History

You hit the worm.
The worm is moderately wounded.
You hit the worm.
The worm is heavily wounded.
The worm is struck by your spines. The worm bites you but does no damage.
You hit the worm.
The worm is severely wounded.
You block Terence's attack.
You puncture the worm!
You kill the worm!
You block Terence's attack.
You hit Terence but do no damage. Terence hits you with a +0 flail.
You hit Terence but do no damage. You block Terence's attack.
You hit Terence but do no damage. Terence hits you with a +0 flail.
You are too injured to fight recklessly!
You are too injured to fight recklessly!
You are too injured to fight recklessly!
You are too injured to fight recklessly!
You are too injured to fight recklessly!
You are too injured to fight recklessly!
You are too injured to fight recklessly!
You are too injured to fight recklessly!
You are too injured to fight recklessly!
You are too injured to fight recklessly!
You are too injured to fight recklessly!
You are too injured to fight recklessly!
You are too injured to fight recklessly!
You hit Terence but do no damage. Terence hits you with a +0 flail!
* * * LOW HITPOINT WARNING * * *
You hit Terence.
Terence is lightly wounded.
You block Terence's attack.
You hit Terence.
Terence is lightly wounded.
Terence hits you with a +0 flail.
* * * LOW HITPOINT WARNING * * *
You completely miss Terence.
Terence is lightly wounded.
Terence hits you with a +0 flail!
You die...

........ ....... .....##
..... ... #.# .# #.# #.#
#†# #.# ..######@# #.#
........@.# #.#
#.........# #.##
#..######.# ...#####..#
##.## ......##..#
#...###..
#..##.##..#####.........
#..##.##................
#..##............###.#.#


You could see Terence (resistant).

Vanquished Creatures
  2 scorpions
  Crazy Yiuf (D:2)
  Jessica (D:2)
  3 adders
  2 worms (D:3)
  2 dart slugs (D:1)
  7 endoplasms
  2 giant cockroaches
  9 goblins
  7 hobgoblins
  2 kobolds
  5 quokkas
  2 ball pythons (D:1)
  3 bats
  7 frilled lizards
  A rat (D:1)
56 creatures vanquished.

Notes
Turn   | Place    | Note
-------+----------+-------------------------------------------
     0 | D:1      | ytrimaz the Demonspawn Fighter began the quest for the Orb.
     0 | D:1      | Reached XP level 1. HP: 18/18 MP: 1/1
   366 | D:1      | Gained mutation: You are partially covered in sharp spines.
                  | [demonic ancestry]
   366 | D:1      | Reached XP level 2. HP: 24/24 MP: 2/2
   684 | D:1      | Gained mutation: You are partially covered in yellow
                  | scales. (AC +2) [demonic ancestry]
   684 | D:1      | Reached XP level 3. HP: 25/29 MP: 3/3
   938 | D:2      | Found a faded altar of an unknown god.
   947 | D:2      | Noticed a scorpion
   956 | D:2      | Killed a scorpion
   957 | D:2      | Reached skill level 1 in Dodging
   957 | D:2      | Gained mutation: Your touch may inflict minor irresistible
                  | damage on your foes. [demonic ancestry]
   957 | D:2      | Reached XP level 4. HP: 19/35 MP: 4/4
  1446 | D:2      | Found a runed translucent door.
  1447 | D:2      | Noticed Crazy Yiuf
  1543 | D:2      | Noticed Jessica
  1550 | D:2      | Killed Jessica
  1570 | D:2      | Reached XP level 5. HP: 32/41 MP: 5/5
  1916 | D:2      | Killed Crazy Yiuf
  2459 | D:3      | Found Kierionip's Antique Armour Emporium.
  2653 | D:3      | Noticed Terence
  2668 | D:3      | Slain by Terence

Illustrated notes

Levels and vault maps discovered:
D:1:      minmay_arrival_diagonal_passages, layout_rooms, minmay_lizard_king
D:2:      layout_loops_ring, hellmonk_ecumenical_altar_lost_god,
          serial_park_tiny_1, uniq_jessica, uniq_crazy_yiuf_cottage
D:3:      layout_loops_ring, serial_shops, nicolae_shop_waterfront,
          minmay_misc_feat_ornament, uniq_grinder, uniq_terence

Skill      XL: |  1  2  3  4 |
---------------+-------------+-----
Short Blades   | 2 3 |  3.7
Armour         | 3 |  3.6
Shields        | 3 |  3.2
Dodging        | 1 |  1.8
Fighting       | |  3.6

Action                   |  1- 3 |  4- 6 || total
-------------------------+-------+-------++-------
Melee: Rapier            |    65 |    75 ||   140
  Use: Scroll            |       |     2 ||     2
Armor: Scale mail        |    20 |    17 ||    37
Dodge: Dodged            |    14 |    19 ||    33
Block: Buckler           |    13 |    22 ||    35

Table legend: (Time is in decaauts)
 A = Elapsed time spent in this place.
 B = Non-inter-level travel time spent in this place.
 C = Inter-level travel time spent in this place.
 D = Time resting spent in this place.
 E = Time spent auto-exploring this place.
 F = Levels seen in this place.
 G = Mean time per level.
                   A        B        C        D        E       F      G
               +--------+--------+--------+--------+--------+-----+--------+
         Total |   2679 |   2628 |     51 |    512 |   1782 |   3 |  893.0 |
       Dungeon |   2679 |   2628 |     51 |    512 |   1782 |   3 |  893.0 |
               +--------+--------+--------+--------+--------+-----+--------+

Top non-repeatable levels by time:
     D:2: 1301 daAuts
     D:1: 943 daAuts
     D:3: 434 daAuts
